 Dungeon Crawl Stone Soup version 0.29-a0-563-g64e4043184 (webtiles) character file.

Game seed: 18299010787975577976

74 LilSandi the Chopper (level 4, -2/41 HPs)
             Began as a Hill Orc Monk on June 12, 2022.
             Slain by a gnoll
             ... wielding a +0 halberd
              (7 damage)
             ... on level 2 of the Dungeon.
             The game lasted 00:08:10 (1423 turns).

LilSandi the Chopper (Hill Orc Monk)                Turns: 1423, Time: 00:08:11

Health: -2/41      AC:  8    Str: 17    XL:     4   Next: 30%
Magic:  4/4        EV:  7    Int: 10    God:
Gold:   80         SH:  0    Dex: 13    Spells: 3/3 levels left

rFire   . . .      SeeInvis .   a - +0 hand axe
rCold   . . .      Faith    .   (no shield)
rNeg    . . .      Spirit   .   g - +0 chain mail
rPois   .          Reflect  .   (no helmet)
rElec   .          Harm     .   (no cloak)
rCorr   .          Rampage  .   (no gloves)
Will    .....                   (no boots)
Stlth   ..........              (no amulet)
HPRegen 0.13/turn               (no ring)
MPRegen 0.09/turn               (no ring)

@: about to teleport
A: screaming 2, strong 1
a: no special abilities


You were on level 2 of the Dungeon.
You visited 1 branch of the dungeon, and saw 2 of its levels.

You collected 80 gold pieces.

Inventory:

Hand Weapons
 a - a +0 hand axe (weapon)
Missiles
 d - 38 stones (quivered)
 f - 5 poisoned darts
Armour
 g - a +0 chain mail (worn)
Jewellery
 j - an amulet of magic regeneration
Scrolls
 e - a scroll of identify {unknown}
 m - a scroll of noise {unknown}
Potions
 b - a potion of brilliance {unknown}
 c - a potion of ambrosia
 i - 3 potions of curing
 k - a potion of resistance
 l - a potion of mutation


   Skills:
 + Level 4.3 Fighting
 + Level 5.0 Axes
 + Level 0.2 Throwing
 + Level 1.3 Armour
 + Level 2.8 Dodging
 + Level 1.7 Stealth


You had 3 spell levels left.
You didn't know any spells.
Your spell library contained the following spells:

 Spells                   Type           Power      Damage    Failure   Level
 Gell's Gravitas          Tloc           0%         N/A       100%        3
 Lesser Beckoning         Tloc           0%         N/A       100%        3
 Teleport Other           Tloc           0%         N/A       100%        3


Dungeon Overview and Level Annotations

Branches:
Dungeon (2/15)

Altars:


Innate Abilities, Weirdness & Mutations

You frequently scream uncontrollably at your foes.
Your muscles are strong. (Str +2)


Message History

You see here a quokka corpse.
Found a stone staircase leading down.
An adder comes into view.
You scream at the adder!
The adder hisses angrily.
There is a stone staircase leading down here.
You slash the adder!
The adder is severely wounded.
The adder bites you. The adder bites you but does no damage.
You hit the adder.
The adder is almost dead.
The adder bites you but does no damage.
You slash the adder!
You kill the adder!
Your Axes skill increases to level 5! 2 gnolls come into view.
The gnoll shouts! x2
A gnoll comes into view. It is wielding a +0 club.
You scream at the gnoll!
You hear a shout!
You scream at the gnoll!
A gnoll comes into view. It is wielding a +0 spear.
The gnoll shouts!
The gnoll closely misses you. The gnoll closely misses you.
The gnoll hits you from afar with a +0 halberd.
You closely miss the gnoll. The gnoll barely misses you.
The gnoll hits you from afar with a +0 halberd!
You slash the gnoll!
The gnoll is heavily wounded.
The gnoll closely misses you.
The gnoll hits you from afar with a +0 halberd!
The gnoll hits you with a +0 spear.
* * * LOW HITPOINT WARNING * * *
The gnoll barely misses you.
As you read the scroll of teleportation, it crumbles to dust.
You feel strangely unstable. The gnoll hits you with a +0 spear!
* * * LOW HITPOINT WARNING * * *
The gnoll hits you from afar with a +0 halberd!
You die...

#############
...gggg@....#
###########.#
#.# #.# #.# #.#
#.# #.# #
##############.#


You could see 4 gnolls.

Vanquished Creatures
  5 adders (D:2)
  2 dart slugs (D:2)
  5 ball pythons (D:1)
  2 endoplasms (D:1)
  2 giant cockroaches (D:2)
  3 goblins
  A hobgoblin (D:2)
  3 kobolds
  A quokka (D:2)
  A frilled lizard (D:1)
  2 rats
27 creatures vanquished.

Notes
Turn   | Place    | Note
-------+----------+-------------------------------------------
     0 | D:1      | LilSandi the Hill Orc Monk began the quest for the Orb.
     0 | D:1      | Reached XP level 1. HP: 19/19 MP: 1/1
   263 | D:1      | Reached XP level 2. HP: 23/27 MP: 2/2
   515 | D:1      | Found a faded altar of an unknown god.
   688 | D:1      | Gained mutation: Your muscles are strong. (Str +2) [potion
                  | of mutation]
   688 | D:1      | Gained mutation: You occasionally shout uncontrollably at
                  | your foes. [potion of mutation]
   688 | D:1      | Gained mutation: You frequently scream uncontrollably at
                  | your foes. [potion of mutation]
   795 | D:2      | Reached XP level 3. HP: 31/33 MP: 3/3
   967 | D:2      | Reached skill level 1 in Armour
  1245 | D:2      | Reached XP level 4. HP: 41/41 MP: 4/4
  1390 | D:2      | Reached skill level 5 in Axes
  1423 | D:2      | Slain by a gnoll

Illustrated notes

Levels and vault maps discovered:
D:1:      psy_arrival_radial01, layout_rooms,
          hellmonk_ecumenical_altar_heavens_door, minmay_tromino_v4_c
D:2:      layout_basic, basic_altar

Skill      XL: |  1  2  3  4 |
---------------+-------------+-----
Fighting       | 4 |  4.3
Armour         | 1 |  1.3
Axes           | 5 |  5.0
Throwing       | |  0.2
Dodging        | |  2.8
Stealth        | |  1.7

Action                   |  1- 3 |  4- 6 || total
-------------------------+-------+-------++-------
Melee: Hand axe          |   107 |    11 ||   118
       Punch             |     1 |       ||     1
Throw: Stone             |     6 |       ||     6
  Use: Potion            |     4 |       ||     4
       Scroll            |     1 |     1 ||     2
 Stab: Sleeping          |     1 |       ||     1
Armor: Robe              |     5 |       ||     5
       Chain mail        |    58 |     4 ||    62
Dodge: Dodged            |    43 |     5 ||    48

Table legend: (Time is in decaauts)
 A = Elapsed time spent in this place.
 B = Non-inter-level travel time spent in this place.
 C = Inter-level travel time spent in this place.
 D = Time resting spent in this place.
 E = Time spent auto-exploring this place.
 F = Levels seen in this place.
 G = Mean time per level.
                   A        B        C        D        E       F      G
               +--------+--------+--------+--------+--------+-----+--------+
         Total |   1433 |   1433 |      0 |    265 |    784 |   2 |  716.5 |
       Dungeon |   1433 |   1433 |      0 |    265 |    784 |   2 |  716.5 |
               +--------+--------+--------+--------+--------+-----+--------+

Top non-repeatable levels by time:
     D:2: 721 daAuts
     D:1: 711 daAuts
